 Dungeon Crawl Stone Soup version 0.23.2-30-g0e89c35649 (webtiles) character file.

Game seed: 12714385112314607271

284 Mrkan the Cudgeler (level 6, -1/39 HPs)
             Began as a Gargoyle Fighter on June 24, 2019.
             Slain by an ogre
             ... wielding a cursed -1 giant club
              (21 damage)
             ... on level 4 of the Dungeon.
             The game lasted 00:04:04 (2584 turns).

Mrkan the Cudgeler (Gargoyle Fighter)               Turns: 2584, Time: 00:04:05

Health: -1/39      AC: 12    Str: 21    XL:     6   Next: 29%
Magic:  6/6        EV:  7    Int:  8    God:
Gold:   124        SH:  9    Dex: 10    Spells: 5/5 levels left

rFire    . . .     SeeInvis .   a - +0 flail
rCold    . . .     Gourm    .   c - +0 shield
rNeg     + . .     Faith    .   b - +0 scale mail
rPois    ∞         Spirit   .   (no helmet)
rElec    +         Reflect  .   (no cloak)
rCorr    .         Harm     .   k - +0 pair of gloves
MR       .....                  (no boots)
Stlth    ..........             (no amulet)
HPRegen  0.13/turn              (no ring)
MPRegen  0.10/turn              (no ring)

@: no status effects
A: negative energy resistance 1, electricity resistance, unbreathing,
petrification resistance, rot immunity, AC +4
a: no special abilities


You were on level 4 of the Dungeon.
You were hungry.

You visited 1 branch of the dungeon, and saw 4 of its levels.

You collected 124 gold pieces.

Inventory:

Hand Weapons
 a - a +0 flail (weapon)
Armour
 b - a +0 scale mail (worn)
 c - a +0 shield (worn)
 k - a +0 pair of gloves (worn)
Jewellery
 s - an uncursed ring of resist corrosion {unknown}
Scrolls
 e - 2 scrolls of identify {unknown}
 g - a scroll of enchant armour {unknown}
 h - 2 scrolls of amnesia {unknown}
 i - 2 scrolls of fog {unknown}
 n - a scroll of noise {unknown}
 o - a scroll of teleportation {unknown}
 p - a scroll of fear {unknown}
 r - a scroll of random uselessness {unknown}
 u - a scroll of remove curse {unknown}
 v - a scroll of enchant weapon {unknown}
Potions
 d - 2 potions of might
 j - a potion of lignification {unknown}
 l - a potion of haste {unknown}
 m - a potion of curing {unknown}
 t - 2 potions of degeneration {unknown}
Comestibles
 f - 8 rations


   Skills:
 + Level 4.6 Fighting
 * Level 4.7 Maces & Flails
 - Level 3.2 Armour
 + Level 4.7 Shields


You had 5 spell levels left.
You didn't know any spells.
Your spell library was empty.

Dungeon Overview and Level Annotations

Branches:
Dungeon (4/15)
 Temple: D:4-7

Altars:
Ashenzari
Qazlal


Innate Abilities, Weirdness & Mutations

You are resistant to torment.
Your stone body is resilient. (AC +4)
You are immune to poison.
You resist negative energy. (rN+)
You are resistant to electric shocks. (rElec)
You can survive without breathing.
You are immune to petrification.
You are immune to rotting.


Message History

You thump the ogre!
You kill the ogre!
You have reached level 6!
Your experience leads to an increase in your attributes!
Increase (S)trength, (I)ntelligence, or (D)exterity?
You feel stronger.
The howler monkey hits you but does no damage.
You closely miss the howler monkey.
The howler monkey hits you but does no damage.
You sock the howler monkey!
The howler monkey is severely wounded.
The howler monkey barely misses you. You block the howler monkey's attack.
You barely miss the howler monkey.
The howler monkey is severely wounded.
The howler monkey barely misses you.
You thump the howler monkey!
You kill the howler monkey!
The ogre hits you with a cursed -1 giant club!!
Ouch! That really hurt!
You die...

# ....... .......
..#.#.#
####.......
#.....#.#.#
#@##.......
#O#...#.#.#
#ar........
###.#.#.#.# #.#
..... #########.#
#.##
.#.....a...##.#..#
..........>..r.# #
#.....<#........#


You could see an ogre, a worker ant and a quokka.

Vanquished Creatures
  An ogre (D:4)
  A howler monkey (D:4)
  An orc wizard (D:3)
  A worker ant (D:4)
  A gnoll (D:1)
  3 adders (D:3)
  A leopard gecko (D:2)
  3 orcs (D:3)
  10 bats
  5 giant cockroaches
  7 goblins
  9 hobgoblins
  13 jackals
  4 kobolds (D:3)
  A quokka (D:2)
  A ball python (D:2)
  2 frilled lizards (D:1)
  6 rats
70 creatures vanquished.

Notes
Turn   | Place    | Note
-------+----------+-------------------------------------------
     0 | D:1      | Mrkan the Gargoyle Fighter began the quest for the Orb.
     0 | D:1      | Reached XP level 1. HP: 14/14 MP: 1/1
    54 | D:1      | Reached XP level 2. HP: 16/19 MP: 2/2
   410 | D:1      | Reached XP level 3. HP: 23/23 MP: 3/3
  1569 | D:3      | Reached XP level 4. HP: 20/29 MP: 4/4
  2094 | D:3      | Found a stormy altar of Qazlal.
  2352 | D:3      | Found a shattered altar of Ashenzari.
  2433 | D:3      | Reached XP level 5. HP: 25/33 MP: 5/5
  2559 | D:4      | Noticed an ogre
  2579 | D:4      | Noticed an ogre
  2580 | D:4      | Killed an ogre
  2580 | D:4      | Reached XP level 6. HP: 19/39 MP: 6/6
  2584 | D:4      | Slain by an ogre

Skill      XL: |  1  2  3  4  5 |
---------------+----------------+-----
Maces & Flails | 3 4 |  4.7
Shields        | 4 |  4.7
Fighting       | 4 |  4.6
Armour         | |  3.2

Action                   |  1- 3 |  4- 6 || total
-------------------------+-------+-------++-------
Melee: Flail             |   157 |   139 ||   296
  Eat: Chunk             |     1 |     4 ||     5
Armor: Scale mail        |    96 |    98 ||   194
Dodge: Dodged            |    43 |    77 ||   120
Block: Shield            |    75 |   115 ||   190
